 Dungeon Crawl Stone Soup version 0.27-a0-287-gd4424db430 (webtiles) character file.

Game seed: 2207915190836149775

86 runemasterragnar the Ruffian (level 4, -2/34 (36) HPs)
             Began as a Draconian Transmuter on Feb 9, 2021.
             Slain by a leopard gecko (3 damage)
             ... on level 3 of the Dungeon.
             The game lasted 00:02:19 (795 turns).

runemasterragnar the Ruffian (Draconian Transmuter)  Turns: 795, Time: 00:02:19

HP:   -2/34 (36)    AC:  5    Str: 13    XL:     4   Next: 26%
MP:   1/7           EV: 12    Int: 14    God:
Gold: 31            SH:  0    Dex: 11    Spells: 3/7 levels left

rFire    . . .     SeeInvis .     - Unarmed
rCold    . . .     Faith    .   (no shield)
rNeg     . . .     Spirit   .   (armour unavailable)
rPois    .         Reflect  .   (helmet restricted)
rElec    .         Harm     .   (no cloak)
rCorr    .         Rampage  .   (no gloves)
Will     .....                  (no boots)
Stlth    ++........             (no amulet)
HPRegen  0.11/turn              (no ring)
MPRegen  0.10/turn              (no ring)

@: very slightly contaminated, drained
A: unfitting armour, cold-blooded, AC +5
a: no special abilities


You were on level 3 of the Dungeon.
You visited 1 branch of the dungeon, and saw 4 of its levels.

You collected 31 gold pieces.

You aren't carrying anything.


   Skills:
 + Level 1.7 Fighting
 + Level 2.1 Dodging
 + Level 1.2 Stealth
 * Level 3.6 Unarmed Combat
 + Level 2.3 Spellcasting
 * Level 2.8 Transmutations


You had 3 spell levels left.
You knew the following spells:

 Your Spells              Type           Power        Failure   Level
a - Beastly Appendage     Tmut           18%          7%          1
b - Spider Form           Tmut/Pois      2%           36%         3

Your spell library contained the following spells:

 Spells                   Type           Power        Failure   Level
 Wereblood                Tmut           9%           11%         2
 Ice Form                 Ice/Tmut       5%           77%         4
 Blade Hands              Tmut           4%           89%         5


Dungeon Overview and Level Annotations

Branches:
Dungeon (4/15)
 Temple: D:4-7

Altars:
Dithmenos
Trog
Vehumet

Annotations:
D:4 exclusion: statue


Innate Abilities, Weirdness & Mutations

Your plain brown scales are hard. (AC +5)
You cannot fit into any form of body armour.
You are cold-blooded and may be slowed by cold attacks.


Message History

Found an escape hatch in the ceiling.
There is a stone staircase leading down here.
Casting: Spider Form (quite dangerous; 36% risk of failure)
Confirm with . or Enter, or press ? or * to list all spells.
The spell is quite dangerous to cast (36% risk of failure)!
Continue anyway?
You miscast Spider Form.
You are very lightly contaminated with residual magic.
Nothing appears to happen.
The leopard gecko barely misses you.
Casting: Spider Form (quite dangerous; 36% risk of failure)
Confirm with . or Enter, or press ? or * to list all spells.
The spell is quite dangerous to cast (36% risk of failure)!
Continue anyway?
You miscast Spider Form.
Nothing appears to happen.
The orc shouts!
The leopard gecko bites you.
* * * LOW HITPOINT WARNING * * *
Unknown command.
You hit the leopard gecko.
The leopard gecko is heavily wounded.
The leopard gecko bites you.
You die...

### #....
###....#
#@.o.#
......l.#.##
<.####### #
.# ###.#
.... ###
#..#


You could see an orc and a leopard gecko.

Vanquished Creatures
  A scorpion (D:4)
  2 adders
  2 worms
  A leopard gecko (D:3)
  An orc (D:3)
  2 bats (D:2)
  A giant cockroach (D:4)
  A goblin (D:1)
  A hobgoblin (D:3)
  A kobold (D:2)
  A frilled lizard (D:2)
  A rat (D:1)
15 creatures vanquished.

Notes
Turn   | Place    | Note
-------+----------+-------------------------------------------
     0 | D:1      | runemasterragnar the Draconian Transmuter began the quest
                  | for the Orb.
     0 | D:1      | Reached XP level 1. HP: 16/16 MP: 3/3
    79 | D:2      | Reached XP level 2. HP: 15/23 MP: 3/5
   551 | D:3      | Found a bloodstained altar of Trog.
   551 | D:3      | Found a shadowy altar of Dithmenos.
   612 | D:3      | Reached XP level 3. HP: 23/28 MP: 4/6
   678 | D:4      | Noticed a scorpion
   687 | D:4      | Learned a level 3 spell: Spider Form
   692 | D:4      | Found a radiant altar of Vehumet.
   692 | D:4      | Noticed a charred statue
   696 | D:4      | Killed a scorpion
   697 | D:4      | Reached skill level 1 in Stealth
   697 | D:4      | Reached XP level 4. HP: 29/36 MP: 3/7
   773 | D:4      | HP: 1/36 [wight/+0 morningstar (8)]
   794 | D:3      | HP: 1/34 [leopard gecko (1)]
   795 | D:3      | Slain by a leopard gecko

Illustrated notes

Levels and vault maps discovered:
D:1:      matt_arrival_los_fun, layout_rooms, nrook_mini_vaults
D:2:      layout_loops_ring, overflow_temple_1_default, marbit_many_paths,
          general_overflow_altar, kennysheep_donut, minmay_misc_feat_diagonals
D:3:      layout_rooms, tgw_xom, gammafunk_temple_overflow_elements,
          kennysheep_generic_room_15
D:4:      layout_basic, vehumet_statue, lemuel_crystal_altar, lemuel_round_altar

Skill      XL: |  1  2  3 |
---------------+----------+-----
Dodging        | 2 |  2.1
Stealth        | 1 |  1.2
Fighting       | |  1.7
Unarmed Combat | |  3.6
Spellcasting   | |  2.3
Transmutations | |  2.8

Action                   |  1- 3 |  4- 6 || total
-------------------------+-------+-------++-------
Melee: Unarmed           |    56 |     5 ||    61
       Kick              |     6 |       ||     6
       Headbutt          |     3 |       ||     3
       Tailslap          |     2 |       ||     2
 Cast: Beastly Appendage |     6 |       ||     6
       Spider Form       |     1 |     1 ||     2
  Use: Scroll            |       |     3 ||     3
 Stab: Sleeping          |     1 |       ||     1
Armor: Skin              |    17 |     6 ||    23
Dodge: Dodged            |    26 |    15 ||    41

Table legend: (Time is in decaauts)
 A = Elapsed time spent in this place.
 B = Non-inter-level travel time spent in this place.
 C = Inter-level travel time spent in this place.
 D = Time resting spent in this place.
 E = Time spent auto-exploring this place.
 F = Levels seen in this place.
 G = Mean time per level.
                   A        B        C        D        E       F      G
               +--------+--------+--------+--------+--------+-----+--------+
         Total |    793 |    793 |      0 |    205 |    324 |   4 |  198.2 |
       Dungeon |    793 |    793 |      0 |    205 |    324 |   4 |  198.2 |
               +--------+--------+--------+--------+--------+-----+--------+

Top non-repeatable levels by time:
     D:2: 304 daAuts
     D:3: 286 daAuts
     D:4: 164 daAuts
     D:1: 38 daAuts
